Map: Ruins of Seras

Players

lilith - Winner!

  • Race: Terran Terran

capac

  • Race: Terran Terran
  • League: Gold

VOD

Have the link to the VOD?

Description

Time

  • Played on: Feb. 19, 2016, 12:58 p.m.
  • Length: 14:12
Show
View Real Time Build Order
Export as new Build Order

lilith Terran - Winner!

Build Orders: Command Center First (CC), MMM Bio 

Get SALT Encoding   

  12  0:01  SCV  
  13  0:13  SCV  
  14  0:20  Supply Depot  
  14  0:25  SCV  
  15  0:42  SCV  
  16  1:02  Command Center  
  16  1:05  SCV  
  17  1:17  SCV  
  18  1:23  Barracks  
  18  1:34  SCV  
  18  1:35  Refinery  
  19  1:46  SCV  
  20  2:13  Orbital Command  
  20  2:17  Marine  
  20  2:19  Refinery  
  20  2:22  Barracks  
  21  2:27  Barracks  
  22  2:43  Barracks Tech Lab  
  21  2:50  SCV x2  
  23  2:58  Factory  
  23  3:04  Engineering Bay  
  24  3:05  SCV  
  24  3:16  Orbital Command  
  24  3:20  SCV  
  24  3:32  SCV  
  24  3:33  Missile Turret  
  25  3:39  Barracks Reactor  
  25  3:40  Barracks Reactor  
  25  3:50  SCV  
  25  3:51  Supply Depot, SCV  
  25  3:55  Factory Tech Lab  
  27  4:02  SCV  
  28  4:10  Starport  
  28  4:11  SCV  
  29  4:17  Stimpack  
  29  4:19  Marine, SCV  
  29  4:22  Marine  
  32  4:24  SCV  
  32  4:26  Marine  
  34  4:34  Siege Tank  
  34  4:36  Marine  
  38  4:39  SCV x2  
  40  4:51  SCV  
  40  4:52  Medivac  
  43  4:54  SCV  
  43  4:55  Marine  
  43  4:58  Marine, Sensor Tower  
  46  5:12  Supply Depot  
  46  5:17  Supply Depot  
  46  5:34  Marine x3, SCV x2  
  46  5:35  Supply Depot, Medivac  
  53  5:38  Siege Tank  
  53  5:39  Marine  
  53  5:40  Marine  
  58  5:46  Supply Depot, SCV x2  
  60  5:53  Marine x2  
  60  5:56  Marine  
  63  5:58  SCV  
  63  6:00  SCV  
  63  6:01  Marine  
  63  6:02  Marine  
  67  6:05  Medivac  
  67  6:10  SCV  
  70  6:13  SCV  
  70  6:17  Terran Infantry Weapons Level 1, Supply Depot  
  71  6:21  Marine  
  71  6:22  Marine x4  
  71  6:23  Engineering Bay  
  76  6:35  SCV x2  
  76  6:37  Refinery  
  76  6:38  Refinery  
  76  6:39  Siege Tank  
  81  6:43  Marine  
  81  6:44  Marine x3  
  81  6:47  SCV  
  86  6:50  Combat Shields  
  86  7:28  Supply Depot  
  86  7:31  Supply Depot  
  86  7:37  Barracks  
  86  7:38  Barracks  
  86  7:40  Barracks, Terran Infantry Armor Level 1  
  86  7:49  Marine x5, SCV x2  
  93  8:01  SCV x2  
  92  8:13  SCV  
  88  8:30  Marine x2, SCV x2  
  88  8:31  Marine x3  
  95  8:42  SCV x2  
  95  8:48  Marine x2  
  97  8:52  Refinery  
  97  8:54  SCV  
  97  8:55  Marine, SCV, Command Center  
  101  9:01  Missile Turret  
  102  9:03  Barracks  
  102  9:04  Barracks  
  102  9:05  Barracks  
  102  9:26  Starport Reactor  
  102  9:33  Starport  
  102  9:35  Starport  
  102  9:43  Armory  
  102  9:49  Marine x5, Siege Tank, SCV x2  
  112  9:55  Supply Depot  
  112  9:56  Supply Depot  
  112  9:58  Supply Depot  
  112  9:59  Supply Depot  
  112  10:01  Supply Depot, SCV x2  
  114  10:07  Marine x2  
  114  10:13  SCV x2  
  118  10:16  Marine x3  
  118  10:17  Viking  
  118  10:18  Viking  
  118  10:20  Starport Reactor  
  125  10:25  Marine x2  
  125  10:26  SCV x2  
  128  10:38  SCV x2  
  116  10:47  Viking  
  116  10:48  Marine x4  
  116  10:49  Marine  
  110  10:50  SCV x2  
  112  10:57  Siege Tank  
  112  11:00  Barracks Reactor  
  112  11:01  Barracks Reactor x2  
  112  11:02  Factory, SCV x2  
  117  11:06  Marine  
  117  11:08  Marine x3  
  117  11:10  Viking x3  
  127  11:14  SCV x2  
  129  11:29  Siege Tank  
  116  11:53  SCV x2  
  116  11:54  Marine x5  
  113  12:05  SCV  
  113  12:06  SCV  
  115  12:11  Marine  
  115  12:12  Viking, Marine x3, Hellion  
  115  12:13  Viking x2, Marine x2  
  115  12:14  Marine x3  
  115  12:15  Marine x2  
  134  12:17  SCV  
  134  12:18  SCV  
  135  12:30  Viking, SCV  
  135  12:34  Hellion  
  139  12:42  Viking  
  139  12:43  Viking  
  125  12:55  Hellion  
  123  13:00  Marine x6  
  123  13:01  Marine x2  
  131  13:33  Barracks Reactor  
Show
View Real Time Build Order
Export as new Build Order

capac Terran 

Build Orders:  

Get SALT Encoding   

  12  0:01  SCV  
  13  0:13  SCV  
  14  0:19  Supply Depot  
  14  0:25  SCV  
  15  0:41  SCV  
  16  0:43  Barracks  
  16  0:49  Refinery  
  16  0:53  SCV  
  17  1:05  SCV  
  18  1:17  SCV  
  19  1:29  SCV  
  20  1:33  Barracks Reactor  
  20  1:44  Command Center  
  20  1:46  SCV  
  21  1:58  SCV  
  22  2:10  SCV  
  23  2:28  Factory  
  23  2:33  Supply Depot, Refinery  
  23  2:41  SCV  
  23  2:52  Barracks  
  23  2:54  Marine x2  
  23  2:57  Bunker  
  25  3:01  Orbital Command  
  25  3:04  SCV  
  26  3:14  Factory Tech Lab  
  26  3:17  Starport  
  26  3:18  Marine  
  27  3:21  Marine  
  28  3:31  Supply Depot  
  28  3:41  Orbital Command  
  28  3:42  SCV  
  29  3:49  Barracks Tech Lab  
  29  3:52  Siege Tank  
  32  3:59  SCV  
  32  4:00  Marine x2  
  35  4:08  SCV  
  36  4:11  SCV  
  36  4:15  Marine  
  38  4:19  Medivac  
  38  4:21  SCV  
  41  4:24  Stimpack  
  41  4:35  SCV x2  
  41  4:36  Marine  
  41  4:37  Marine  
  45  4:47  SCV x2  
  45  4:49  Supply Depot  
  47  4:56  Siege Tank  
  47  4:57  Marine x2  
  47  4:59  SCV x2  
  54  5:11  Marine, SCV x2  
  57  5:15  Barracks  
  57  5:18  Supply Depot  
  57  5:21  Marine x2  
  60  5:28  Marine, SCV x2  
  62  5:40  Supply Depot, Cyclone  
  62  5:42  Marine x2  
  66  5:46  Marine  
  66  5:48  Refinery x2  
  68  5:53  Supply Depot  
  68  6:00  Marine x2  
  68  6:01  Starport Reactor  
  70  6:04  Marine, Barracks Reactor  
  70  6:07  SCV  
  70  6:08  Barracks, SCV  
  73  6:22  Marine  
  73  6:24  Marine x2  
  76  6:26  Siege Tank  
  79  6:34  SCV x2  
  81  6:40  Marine  
  81  6:42  Marine x2  
  81  6:44  Marine x2, Command Center  
  86  6:55  Supply Depot  
  86  6:56  Barracks Reactor  
  86  7:01  Starport  
  86  7:16  Marine  
  86  7:17  Siege Tank, SCV x2  
  86  7:19  Factory  
  92  7:24  Marine  
  92  7:25  Marine  
  94  7:32  Supply Depot  
  94  7:39  Starport Reactor  
  94  7:40  Supply Depot  
  94  7:54  Marine x5, Siege Tank  
  94  7:55  Marine, SCV x2  
  91  8:28  Viking x4  
  99  8:42  Engineering Bay  
  99  8:46  Siege Tank  
  99  8:47  Supply Depot  
  102  8:56  Factory Tech Lab  
  102  8:58  Marine x4  
  102  8:59  Marine  
  107  9:09  Medivac x3  
  113  9:10  Medivac  
  115  9:17  Missile Turret  
  115  9:18  Missile Turret  
  115  9:20  Siege Tank  
  115  9:21  Marine x2, Siege Tank  
  115  9:22  Marine  
  124  9:29  Supply Depot  
  124  9:31  Missile Turret  
  124  9:43  Missile Turret  
  124  9:44  Missile Turret  
  124  9:49  Marine  
  124  9:50  Marine x3  
  128  10:02  Marine  
  129  10:07  Marine x2  
  129  10:08  Marine  
  122  10:49  Liberator x2  
  115  10:59  Marine x4  
  115  11:00  Marine  
  126  11:15  Liberator  
  126  11:20  Liberator  
  126  11:26  Marine x3  
  126  11:27  Marine x2  
  126  11:30  Siege Tank x2  
  140  11:37  Supply Depot  
  140  11:39  Supply Depot  
  130  11:42  Supply Depot  
  130  11:44  Marine x2  
  107  11:59  SCV x2  
  109  12:11  SCV  
  103  12:37  Marine x3  
  103  12:38  Marine x2  
  108  12:48  Liberator x2  
  89  12:55  Marine x2  
  71  13:00  Marine x2  
  71  13:01  Marine  
  80  13:07  Siege Tank x2  
  80  13:11  Medivac  
  80  13:12  Medivac  
  90  13:13  Marine  
  90  13:19  SCV x2  
  93  13:22  Command Center  
  93  13:31  SCV x2  
  93  13:32  Marine x4  
  93  13:33  Marine  
  100  13:39  Barracks  
  100  13:42  Barracks  
Tags
 
Add a new tag
Caveats
  • Supply blocks, unpowered buildings, or Contaminate may cause inaccurate times.
  • Supply counts are checked every 10 seconds.